 Dungeon Crawl Stone Soup version 0.31.0-11-ge490571c62 (webtiles) character file.

Game seed: 1705104189639217777

61 javelincjr the Ruffian (level 3, 0/30 HPs)
             Began as a Minotaur Shapeshifter on Feb 6, 2024.
             Slain by a ribbon worm (6 damage)
             ... on level 3 of the Dungeon.
             The game lasted 00:06:41 (2199 turns).

javelincjr the Ruffian (Minotaur Shapeshifter)      Turns: 2199, Time: 00:06:41

Health: 0/30       AC:  2    Str: 20    XL:     3   Next: 83%
Magic:  2/2        EV: 12    Int:  7    God:
Gold:   173        SH:  5    Dex:  9    Spells: 2/2 levels left

rFire   . . .        y - staff of Callousness {Fly rC+ rN+ Ice}
rCold   + . .        (no shield)
rNeg    + + .        a - +0 animal skin
rPois   .            (helmet currently unavailable)
rElec   .            (cloak currently unavailable)
rCorr   .            (gloves currently unavailable)
SInv    .            (boots currently unavailable)
Will    .....        h - amulet of reflection
Stlth   +            l - ring of positive energy
HPRegen 0.25/turn    (no ring)
MPRegen 0.08/turn

%: reflection
@: beast-form, flying
A: beast (slay +1), horns 2, retaliatory headbutt
a: Begin Untransformation


You were on level 3 of the Dungeon.
You were a hulking beast.
You visited 1 branch of the dungeon, and saw 3 of its levels.

You collected 173 gold pieces.

Inventory:

Hand Weapons
 j - a +0 spear
Missiles
 i - 2 atropa-tipped darts (quivered)
 m - 5 poisoned darts
 t - 22 stones
Armour
 a - a +0 animal skin (worn)
 v - a +2 hat
 x - a scarf of repulsion
Magical Staves
 y - the staff of Callousness (weapon) {Fly rC+ rN+ Ice}
   (You found it on level 3 of the Dungeon)

   [staff of cold]

   Base accuracy: +5 Base damage: 5 Base attack delay: 1.2 This weapon's minimum
   attack delay (0.6) is reached at skill level 12.
   rC+:       It protects you from cold.
   rN+:       It protects you from negative energy.
   Fly:       It grants you flight.
   Ice:       It increases the power of your Ice spells.
   It falls into the 'Staves' category.
   It is a one-handed weapon.
Jewellery
 h - an amulet of reflection (around neck)
 l - a ring of positive energy (left hand)
 A - a ring of willpower
Talismans
 c - a beast talisman
 d - a flux talisman
 e - a blade talisman
Scrolls
 f - 2 scrolls of identify {unknown}
 g - a scroll of brand weapon {unknown}
 n - a scroll of fear {unknown}
 o - a scroll of silence {unknown}
 p - a scroll of fog {unknown}
 q - a scroll of enchant weapon {unknown}
 r - 2 scrolls of teleportation {unknown}
 s - 2 scrolls of poison {unknown}
 u - 2 scrolls of noise {unknown}
 w - a scroll of amnesia {unknown}
Potions
 b - a potion of lignification
 k - 2 potions of curing {unknown}
 z - a potion of heal wounds {unknown}


   Skills:
 * Level 2.6 Fighting
 + Level 2.8 Dodging
 + Level 3.6 Unarmed Combat
 * Level 2.9 Shapeshifting


You had 2 spell levels left.
You didn't know any spells.
Your spell library contained the following spells:

 Spells                   Type           Power      Damage    Failure   Level
 Dazzling Flash           Conj/Hex       0%         N/A       80%         3
 Mephitic Cloud           Conj/Alch/Air  0%         N/A       80%         3
 Curse of Agony           Necr           0%         N/A       100%        5
 Silence                  Hex/Air        0%         N/A       100%        5


Dungeon Overview and Level Annotations

Branches:
Dungeon (3/15)

Altars:
Dithmenos
Makhleb
Trog

Shops:
D:3 ([


Innate Abilities, Weirdness & Mutations

You are a hulking beast.
Your limbs bulge with bestial killing power. (Slay +1)
You have a pair of horns on your head.
You reflexively headbutt those who attack you in melee.


Message History

A moth of wrath is nearby!
A ribbon worm and 3 rats come into view.
Found a long sword.
Found a bloodstained altar of Trog.
The rat squeaks loudly. x3
A rat comes into view.
Found a long sword and a sling.
The moth of wrath goads the rat on!
The rat goes berserk!
You hit the rat.
The rat is moderately wounded.
The rat bites you. x2
You hit the rat. Your headbutt misses the rat.
The rat is heavily wounded.
You block the rat's attack.
The moth of wrath goads the rat on!
The rat goes berserk!
The moth of wrath goads the ribbon worm on!
The ribbon worm goes berserk!
You barely miss the rat.
The rat is heavily wounded.
The rat bites you. The rat closely misses you. You block the rat's attack.
The ribbon worm bites you!
The moth of wrath goads the rat on!
The rat goes berserk!
You are too injured to fight recklessly!
You are too injured to fight recklessly!
You barely miss the rat.
The rat is heavily wounded.
The rat misses you. The rat bites you. The ribbon worm completely misses you.
You furiously retaliate!
You headbutt the ribbon worm! You block the rat's attack.
The rat completely misses you. The rat barely misses you.
You furiously retaliate!
You headbutt the rat.
You kill the rat!
You hit the ribbon worm. You headbutt the ribbon worm.
You punch the ribbon worm.
The ribbon worm is severely wounded.
You block the rat's attack. The ribbon worm barely misses you.
The rat bites you. x2
* * * LOW HITPOINT WARNING * * *
The rat bites you.
* * * LOW HITPOINT WARNING * * *
The rat closely misses you. The ribbon worm bites you.
You die...

###### #### ......######## ...#
.............####...#
.............#......#
⌠...........##.##...#......# ####
..........####.####.......# #...
.........##.......##......####...
........##.....rhr.##.#........##
........#......†rw..###..........
........#....###....# #..........
........#...##y##...# ##......###
........#....###....####....### #
†.......##.........##.......# #
†.......##...._...)##.......#####
.........##.)..)..##.............
.<......#### ##.........#####


You could see a moth of wrath, a ribbon worm (berserk) and 3 rats.

Vanquished Creatures
  An adder (D:2)
  A ribbon worm (D:2)
  3 dart slugs (D:2)
  7 bats
  4 endoplasms
  5 goblins
  2 hobgoblins
  3 jackals (D:1)
  7 ball pythons
  3 frilled lizards
  2 kobolds (D:2)
  5 rats
43 creatures vanquished.

Notes
Turn   | Place    | Note
-------+----------+-------------------------------------------
     0 | D:1      | javelincjr the Minotaur Shapeshifter began the quest for
                  | the Orb.
     0 | D:1      | Reached XP level 1. HP: 16/16 MP: 0/0
   197 | D:1      | Reached XP level 2. HP: 24/24 MP: 1/1
   493 | D:1      | You fall into a shaft and drop 1 floor!
   752 | D:2      | Reached XP level 3. HP: 29/29 MP: 2/2
  1077 | D:2      | Found a faded altar of an unknown god.
  1704 | D:3      | Found Fekit's Antique Weapon Shop.
  1753 | D:3      | Found a burning altar of Makhleb.
  1951 | D:3      | Identified the staff of Callousness {Fly rC+ rN+ Ice}
  2066 | D:3      | Found a shadowy altar of Dithmenos.
  2141 | D:3      | Found Xiamm's Antique Armour Emporium.
  2187 | D:3      | Noticed a moth of wrath
  2191 | D:3      | Found a bloodstained altar of Trog.
  2199 | D:3      | Slain by a ribbon worm

Illustrated notes

Levels and vault maps discovered:
D:1:      nicolae_arrival_somewhat_less_tricky_arrival, layout_loops_ring,
          serial_glass, glass_columns_a, glass_columns_c
D:2:      layout_basic, dilly_ecumenical_altar_fadedgnrine
D:3:      layout_basic, lemuel_tele_altar, tgw_trog,
          mainiacjoe_overflow_alcove_1, serial_shops, shop_fountains, shop,
          nicolae_shop_real_fake_doors, nicolae_elevator_lobby_asterisk

Skill      XL: |  1  2 |
---------------+-------+-----
Fighting       | 2 |  2.6
Dodging        | |  2.8
Unarmed Combat | |  3.6
Shapeshifting  | |  2.9

Action                     || total
---------------------------++-------
  Melee: Unarmed           ||   109
         Headbutt          ||    21
         Punch             ||     3
         Staff             ||     8
  Throw: Dart              ||     3
   Stab: Sleeping          ||     1
 Armour: Animal skin       ||    26
  Dodge: Dodged            ||    51
  Block: Other             ||    20
